 Dungeon Crawl Stone Soup version 0.29.1-2-gbd0b4ee654 (webtiles) character file.

Game seed: 6313060014262307540

1789 mortz the Digger (level 9, -12/46 HPs)
             Began as a Kobold Earth Elementalist on Nov 12, 2022.
             Was a Follower of Vehumet.
             Killed from afar by Joseph (18 damage)
             ... with a bolt of acid
             ... on level 7 of the Dungeon.
             The game lasted 00:28:37 (6771 turns).

mortz the Digger (Kobold Earth Elementalist)        Turns: 6771, Time: 00:28:38

Health: -12/46     AC:  4    Str:  6    XL:     9   Next: 29%
Magic:  18/18      EV: 19    Int: 20    God:    Vehumet [*.....]
Gold:   388        SH:  0    Dex: 15    Spells: 15/21 levels left

rFire   + . .      SeeInvis .   a - staff of earth
rCold   . . .      Faith    .   (shield currently unavailable)
rNeg    . . .      Spirit   .   C - +3 leather armour
rPois   .          Reflect  .   (no helmet)
rElec   .          Harm     .   (no cloak)
rCorr   .          Rampage  .   (no gloves)
Will    .....                   n - +1 pair of boots
Stlth   ++++......              f - amulet of magic regeneration
HPRegen 0.15/turn               w - +4 ring of evasion
MPRegen 0.56/turn               m - ring of protection from fire

@: about to teleport, corroded
A: small, no large weapons, nightstalker 3
a: Renounce Religion


You were on level 7 of the Dungeon.
You worshipped Vehumet.
Vehumet was aware of your devotion.
You visited 1 branch of the dungeon, and saw 7 of its levels.

You collected 388 gold pieces.

Inventory:

Hand Weapons
 b - a +5 quick blade
 d - a +2 dagger of venom
 g - a +2 short sword of holy wrath
 h - a +0 dagger
 i - a +0 dagger
 j - a +0 dagger
 y - a +1 hand axe of venom
 D - a +2 short sword of draining
 F - a +1 dagger of holy wrath
 N - a +2 rapier of speed
Missiles
 p - 4 boomerangs
 I - 5 poisoned darts
Armour
 n - a +1 pair of boots (worn)
 t - a +0 ring mail of cold resistance
 C - a +3 leather armour (worn)
 J - a +0 scale mail
Magical Staves
 a - a staff of earth (weapon)
Jewellery
 c - a ring of protection from cold
 f - an amulet of magic regeneration (around neck)
 m - a ring of protection from fire (right hand)
 w - a +4 ring of evasion (left hand)
Wands
 s - a wand of flame (17)
 x - a wand of charming (8)
 A - a wand of mindburst (9)
Scrolls
 e - a scroll of teleportation
 l - 2 scrolls of vulnerability
 o - 2 scrolls of magic mapping {unknown}
 r - a scroll of enchant armour
 B - a scroll of blinking {unknown}
 E - a scroll of immolation {unknown}
 K - a scroll of butterflies {unknown}
 M - a scroll of fear {unknown}
Potions
 k - 2 potions of magic
 q - 4 potions of mutation
 u - 4 potions of flight
 v - a potion of lignification
 z - 3 potions of curing
 H - a potion of resistance
 L - a potion of degeneration {unknown}


   Skills:
 + Level 0.6 Fighting
 + Level 1.2 Short Blades
 + Level 1.7 Armour
 + Level 3.8 Dodging
 + Level 5.7 Stealth
 + Level 6.5 Spellcasting
 * Level 4.2 Conjurations
 * Level 3.0 Transmutations
 + Level 6.6 Earth Magic


You had 15 spell levels left.
You knew the following spells:

 Your Spells              Type           Power      Damage    Failure   Level
a - Sandblast             Erth           98%        2d20      1%          1
p - Passwall              Tmut/Erth      31%        N/A       3%          2
s - Stone Arrow           Conj/Erth      84%        3d12      4%          3

Your spell library contained the following spells:

 Spells                   Type           Power      Damage    Failure   Level
 Magic Dart               Conj           92%        1d7       2%          1
 Slow                     Hex            24%        N/A       16%         1
 Petrify                  Tmut/Erth      38%        N/A       21%         4
 Confusing Touch          Hex            6%         N/A       41%         3
 Frozen Ramparts          Ice            12%        1d2       41%         3
 Inner Flame              Hex/Fire       6%         N/A       41%         3
 Vampiric Draining        Necr           6%         2d6       41%         3
 Ice Form                 Ice/Tmut       12%        N/A       63%         4
 Cause Fear               Hex            3%         N/A       83%         4
 Summon Ice Beast         Ice/Summ       6%         N/A       83%         4
 Discord                  Hex            3%         N/A       100%        8


Dungeon Overview and Level Annotations

Branches:
Dungeon (7/15) Zot: 26651  Temple (0/1) D:5

Altars:
Qazlal
Vehumet
Zin
The Shining One

Shops:
D:2 (

Annotations:
D:7 Joseph


Innate Abilities, Weirdness & Mutations

You are small and have problems with some larger weapons.
You are completely attuned to the shadows.


Message History

You feel your power returning.
The centaur shoots an arrow.
The arrow misses you.
The centaur shoots an arrow.
The arrow hits you.
You feel a surge of power!
The blast of sand hits the orc wizard!
The orc wizard is heavily wounded.
The centaur shoots an arrow.
The arrow barely misses you.
The centaur shoots an arrow.
The arrow closely misses you. The orc wizard casts a spell at you.
The puff of flame hits you. You resist.
The centaur shoots an arrow.
The arrow barely misses you.
You are too injured to fight recklessly!
Aiming: Sandblast (safe; 1% risk of failure)
Press: ? - help, Q - select action, (/) - cycle Shift-Dir - straight line, f - centaur, p - orc wizard
Aim: a centaur, wielding a +0 shortbow (severely wounded, 91% to hit)
You feel a surge of power!
The blast of sand hits the centaur!
You kill the centaur!
Vehumet accepts your kill. The orc wizard closely misses you.
Your Transmutations skill increases to level 3!
Aiming: Sandblast (safe; 1% risk of failure)
Press: ? - help, Q - select action, (/) - cycle Shift-Dir - straight line, f - orc wizard
Aim: an orc wizard, wielding a +0 dagger and wearing a +0 robe (moderately wounded, 81% to hit)
You feel a surge of power!
The blast of sand hits the orc wizard!
You kill the orc wizard!
Vehumet accepts your kill.
Aiming: Sandblast (safe; 1% risk of failure)
Press: ? - help, Q - select action, (/) - cycle Shift-Dir - straight line, f - you
Okay, then.
Joseph, a Mercenary comes into view.
He is wielding a +0 quarterstaff, wearing a +3 ring mail of willpower and carrying a wand of acid (4).
Items here: ))) [ †.
Joseph unwields a +0 quarterstaff.
Joseph wields a +0 sling.
Joseph shoots a sling bullet.
The sling bullet barely misses you.
You feel a surge of power!
The blast of sand hits Joseph but does no damage.
Joseph zaps a wand.
The bolt of acid hits you!!
* * * LOW HITPOINT WARNING * * *
The acid corrodes you!
You are too injured to fight recklessly!
As you read the scroll of teleportation, it crumbles to dust.
You feel strangely unstable.
Joseph zaps a wand.
The bolt of acid hits you!!
You die...

#.#..........
#.#..........
#.#####..#...
#.....#..##..
#####.##...#+
#.##...# #.
#.#..>.# ######..
#......# #@....)#
##...###. ####....#
###...+. .......#
.....@..### #..###
#......#.
##........#####....
........
......)....#.#..)..
......###
####..##...........
#...<....
..#.#......#.....
####†####
..#.....##.###...
#.# ###.@....# ##..


You could see Joseph.

Vanquished Creatures
  Duvessa (D:5)
  5 black bears
  A sky beast (D:7)
  A centaur (D:7)
  2 bullfrogs
  5 scorpions
  Dowan (D:5)
  3 hounds
  2 jellies (D:6)
  4 orc priests
  Ijyb (D:4)
  An iguana (D:5)
  3 orc wizards
  A gnoll (D:1)
  9 adders
  A white imp (D:6)
  An ufetubus (D:5)
  A dart slug (D:5)
  20 orcs
  4 endoplasms
  2 giant cockroaches
  6 goblins
  8 hobgoblins
  5 jackals
  6 quokkas
  10 ball pythons
  8 bats
  3 frilled lizards
  5 kobolds
  4 rats
124 creatures vanquished.

Notes
Turn   | Place    | Note
-------+----------+-------------------------------------------
     0 | D:1      | mortz the Kobold Earth Elementalist began the quest for the
                  | Orb.
     0 | D:1      | Reached XP level 1. HP: 10/10 MP: 3/3
    21 | D:1      | You fall into a shaft and drop 1 floor!
   217 | D:1      | Reached XP level 2. HP: 13/15 MP: 3/5
   768 | D:1      | Reached XP level 3. HP: 19/19 MP: 6/6
   771 | D:1      | Learned a level 2 spell: Passwall
   776 | D:1      | Learned a level 3 spell: Stone Arrow
   937 | D:1      | Identified a scroll of acquirement
   939 | D:1      | Acquired a +5 quick blade
  1028 | D:2      | Found Zige's Antique Weapon Shop.
  1378 | D:2      | Reached XP level 4. HP: 24/24 MP: 6/8
  1960 | D:3      | Reached skill level 1 in Conjurations
  1960 | D:3      | Reached XP level 5. HP: 14/28 MP: 7/9
  2175 | D:3      | Found a radiant altar of Vehumet.
  2211 | D:3      | Became a worshipper of Vehumet
  2485 | D:4      | Noticed a black bear
  2499 | D:3      | Killed a black bear
  2500 | D:3      | Reached skill level 1 in Short Blades
  2500 | D:3      | Reached XP level 6. HP: 11/33 MP: 7/11
  3365 | D:4      | Reached XP level 7. HP: 30/37 MP: 11/13
  3604 | D:5      | Entered Level 5 of the Dungeon
  3710 | D:5      | Noticed Duvessa
  3713 | D:5      | Noticed Dowan
  3990 | D:5      | HP: 1/27 [Duvessa/+2 short sword of draining (6)]
  3992 | D:5      | Killed Duvessa
  3993 | D:5      | Reached skill level 5 in Stealth
  3993 | D:5      | Reached skill level 5 in Earth Magic
  4512 | D:5      | Killed Dowan
  4647 | D:5      | Reached * piety under Vehumet
  4647 | D:5      | Offered knowledge of Magic Dart by Vehumet.
  4723 | D:5      | Reached skill level 1 in Armour
  4723 | D:5      | Reached skill level 5 in Spellcasting
  4723 | D:5      | Reached XP level 8. HP: 42/42 MP: 15/15
  4798 | D:5      | Found a stormy altar of Qazlal.
  4810 | D:5      | Found a glowing silver altar of Zin.
  4882 | D:5      | Noticed Ijyb
  5320 | D:4      | Killed Ijyb
  5600 | D:5      | Found a staircase to the Ecumenical Temple.
  5683 | D:5      | Found a glowing golden altar of the Shining One.
  6440 | D:7      | Reached XP level 9. HP: 46/46 MP: 15/18
  6763 | D:7      | Noticed Joseph
  6771 | D:7      | Killed from afar by Joseph

Illustrated notes

Levels and vault maps discovered:
D:1:      psy_arrival_dodecagon, layout_loops_ring, minivault_26
D:2:      layout_loops_cross, serial_shops, shop_statue, minmay_statues_item
D:3:      layout_rooms, lemuel_round_altar
D:4:      layout_cave_pools, kennysheep_orc_chapel
D:5:      layout_cave_pools, nicolae_tso_swordbearing_angel,
          mainiacjoe_overflow_large_starburst, minmay_temple_entry_poolview,
          uniq_ijyb, uniq_duvessa
D:6:      layout_basic
D:7:      layout_cave_pools, nemelex_spade_bored_becter,
          serial_co_window_serial, co_window_paths_b, co_window_corner_a,
          co_window_paths_b, co_window_paths_a, co_window_paths_a,
          co_window_of_opportunity_a, co_window_paths_a, co_window_broadway_c,
          co_window_corner_b, co_window_of_opportunity_b, co_window_2corner,
          co_window_4corner_b, glass_columns_a, glass_columns_c,
          chequers_avenue, minmay_misc_feat_encased, amcnicky_mini_pool_small,
          uniq_pikel, uniq_joseph

Skill      XL: |  1  2  3  4  5  6  7  8  9 |
---------------+----------------------------+-----
Stealth        | 3 4 5 |  5.7
Earth Magic    | 4 5 6 |  6.6
Spellcasting   | 3 4 5 6 |  6.5
Conjurations   | 1 2 3 4 |  4.2
Short Blades   | 1 |  1.2
Dodging        | 3 |  3.8
Armour         | 1 |  1.7
Transmutations | 2 3 |  3.0
Fighting       | |  0.6

Action                   |  1- 3 |  4- 6 |  7- 9 || total
-------------------------+-------+-------+-------++-------
Melee: Short sword       |     8 |       |       ||     8
       Dagger            |     7 |       |       ||     7
       Quick blade       |     4 |    28 |    14 ||    46
       Staff             |       |       |     3 ||     3
 Cast: Sandblast         |    27 |    71 |    92 ||   190
  Use: Scroll            |     4 |     4 |     3 ||    11
       Potion            |       |       |     1 ||     1
 Stab: Sleeping          |    12 |    14 |     9 ||    35
Armor: Robe              |     3 |    17 |       ||    20
       Leather armour    |       |       |    19 ||    19
       Skin              |       |       |     3 ||     3
Dodge: Dodged            |    19 |    70 |    95 ||   184
